 Dungeon Crawl Stone Soup version 0.22-a0-305-gd21a89c (webtiles) character file.

420 Amnesiac the Slicer (level 7, -3/41 HPs)
             Began as a Kobold Fighter on Mar 31, 2018.
             Was an Initiate of Gozag.
             Slain by a gnoll
             ... wielding a +0 flail
              (10 damage)
             ... on level 3 of the Dungeon.
             The game lasted 00:04:06 (1830 turns).

Amnesiac the Slicer (Kobold Fighter)                Turns: 1830, Time: 00:04:07

Health: -3/41      AC:  7    Str: 15    XL:     7   Next: 16%
Magic:  17/17      EV: 10    Int: 10    God:    Gozag
Gold:   383        SH:  9    Dex: 14    Spells: 6/6 levels left

rFire    . . .     SeeInvis .   a - +0 rapier
rCold    . . .     Gourm    .   c - +0 shield
rNeg     . . .     Faith    .   b - +0 scale mail
rPois    .         Spirit   .   (no helmet)
rElec    .         Reflect  .   (no cloak)
rCorr    .         Harm     .   e - +0 pair of gloves
MR       .....                  (no boots)
Stlth    ..........             l - amulet of regeneration
HPRegen  0.53/turn              m - ring of magical power
MPRegen  0.15/turn              (no ring)

@: gold aura
A: small, carnivore
a: Potion Petition, Call Merchant, Bribe Branch, Renounce Religion


You were on level 3 of the Dungeon.
You worshipped Gozag.
Gozag was aware of your devotion.
You were not hungry.

You visited 1 branch of the dungeon, and saw 3 of its levels.

You collected 396 gold pieces.
You paid 13 gold pieces to Gozag.

Inventory:

Hand Weapons
 a - a +0 rapier (weapon)
 s - a +1 dagger of speed
Armour
 b - a +0 scale mail (worn)
 c - a +0 shield (worn)
 e - a +0 pair of gloves (worn)
 n - a +0 helmet
Jewellery
 l - an amulet of regeneration (around neck)
 m - a ring of magical power (left hand)
Wands
 t - a wand of paralysis (9)
Scrolls
 h - a scroll of amnesia {!r, unknown}
 i - a scroll of fog {!r, unknown}
 j - 2 scrolls of remove curse {!r, unknown}
 k - 4 scrolls of identify {!r, unknown}
 o - a scroll of fear {!r, unknown}
 q - 2 scrolls of magic mapping {!r, unknown}
 r - a scroll of enchant armour {!r, unknown}
 v - a scroll of noise {!r, unknown}
Potions
 d - a potion of might {!q}
 g - a potion of agility {!q, unknown}
 p - a potion of degeneration {!q, unknown}
 u - 2 potions of brilliance {!q, unknown}
Comestibles
 f - 3 rations


   Skills:
 - Level 3.2 Fighting
 - Level 8.1 Short Blades
 - Level 2.4 Armour
 - Level 3.1 Dodging
 - Level 2.4 Shields
 + Level 2.3 Evocations


You had 6 spell levels left.
You didn't know any spells.

Dungeon Overview and Level Annotations

Branches:
Dungeon (3/15)

Altars:
Elyvilon
Gozag


Innate Abilities, Weirdness & Mutations

You are small and have problems with some larger weapons.
You are carnivorous and can eat meat at any time.


Message History

The orc wizard is distracted by the nearby gold.
The orc wizard shouts!
You hit the gnoll but do no damage. The gnoll barely misses you.
You puncture the gnoll!
The gnoll is severely wounded.
The gnoll hits you but does no damage.
You hit the gnoll.
You kill the gnoll!
You puncture the orc!
You kill the orc!
The gnoll is distracted by the nearby gold.
A ball python comes into view.
Items here: $ ))) 20 gold pieces; a flail; a club; a war axe You closely miss the gnoll.
The gnoll is no longer distracted by gold.
The gnoll shouts!
The ball python hisses angrily.
The orc wizard is no longer distracted by gold.
The gnoll hits you with a flail.
The orc is distracted by the nearby gold.
The orc shouts!
You hit the gnoll.
The gnoll is moderately wounded.
The gnoll is distracted by the nearby gold.
The gnoll shouts!
You hit the gnoll but do no damage.
The gnoll is no longer distracted by gold.
The gnoll is moderately wounded.
You block the gnoll's attack.
You closely miss the gnoll.
The gnoll is moderately wounded.
The orc is no longer distracted by gold.
The gnoll hits you with a flail!
You hit the gnoll but do no damage.
The gnoll is moderately wounded.
The ball python is distracted by the nearby gold.
The ball python hisses angrily.
You hit the gnoll but do no damage.
The gnoll is moderately wounded.
The gnoll hits you with a flail!
The orc wizard gestures wildly while chanting.
The orc wizard blinks!
You hit the gnoll.
The gnoll is heavily wounded.
You block the gnoll's attack. The orc wizard misses you.
You hit the gnoll.
The gnoll is severely wounded.
The ball python is no longer distracted by gold.
The gnoll hits you with a flail. The orc wizard closely misses you.
You hit the gnoll but do no damage.
The gnoll is severely wounded.
The orc wizard hits you but does no damage.
Your shield and scale mail prevent you from hitting the gnoll.
The gnoll is severely wounded.
The gnoll hits you with a flail.
* * * LOW HITPOINT WARNING * * *
You barely miss the gnoll.
The gnoll is severely wounded.
The orc wizard points at you and mumbles some strange words.
The magic dart hits you!
* * * LOW HITPOINT WARNING * * *
The gnoll hits you with a flail!
You die...
Your body crumbles into a pile of gold.

#.# #. #.# #.#
#.# #$# #.#
#.# #S# #.#
#o# #.# #g#
###.####.###@#
..........$.o#
#####..#####
#..# .#
#.[###### .#
#.......# .#
#.#####.# .#
#.# #.# .# ###
#.# #<#


You could see an orc wizard, a gnoll, an orc and a ball python.

Vanquished Creatures
  Sigmund (D:2)
  A black bear (D:1)
  Terence (D:2)
  Robin (D:2)
  3 gnolls (D:3)
  An ooze (D:3)
  3 worms
  3 dart slugs
  3 leopard geckos
  8 orcs (D:3)
  13 goblins
  7 hobgoblins
  5 jackals (D:1)
  8 kobolds
  A quokka (D:3)
  A ball python skeleton (D:3)
  5 bats (D:1)
  4 frilled lizards
  4 rats
73 creatures vanquished.

Vanquished Creatures (others)
  A quokka (D:2)
1 creature vanquished.

Grand Total: 74 creatures vanquished

Notes
Turn   | Place    | Note
-------+----------+-------------------------------------------
     0 | D:1      | Amnesiac the Kobold Fighter began the quest for the Orb.
     0 | D:1      | Reached XP level 1. HP: 14/14 MP: 1/1
    32 | D:1      | Reached skill level 3 in Short Blades
    84 | D:2      | Found an opulent altar of Gozag.
    93 | D:2      | Noticed Robin
   101 | D:2      | Reached XP level 2. HP: 16/19 MP: 2/2
   143 | D:1      | Reached skill level 1 in Dodging
   340 | D:1      | Reached XP level 3. HP: 21/23 MP: 3/3
   351 | D:2      | Reached skill level 4 in Short Blades
   366 | D:2      | Became a worshipper of Gozag Ym Sagoz the Greedy
   420 | D:2      | Killed Robin
   479 | D:2      | Noticed a black bear
   508 | D:2      | Noticed Sigmund
   775 | D:1      | Reached XP level 4. HP: 25/28 MP: 4/4
   911 | D:1      | Killed a black bear
   911 | D:1      | Reached skill level 6 in Short Blades
   911 | D:1      | Reached XP level 5. HP: 22/32 MP: 5/5
  1127 | D:2      | Found a white marble altar of Elyvilon.
  1189 | D:2      | Noticed Terence
  1209 | D:2      | Killed Terence
  1209 | D:2      | Reached XP level 6. HP: 31/37 MP: 6/6
  1360 | D:2      | Killed Sigmund
  1360 | D:2      | Reached skill level 8 in Short Blades
  1609 | D:3      | Reached XP level 7. HP: 41/41 MP: 7/7
  1616 | D:3      | Reached skill level 1 in Evocations
  1830 | D:3      | Slain by a gnoll

Vault maps used:
D:1:      minmay_arrival_cross
D:2:      grunt_gozag_statues, elyvilon_altar_4, uniq_sigmund, uniq_terence,
          uniq_robin
D:3:      cheibrodos_helix_gallery, first_ration

Skill      XL: |  1  2  3  4  5  6  7 |
---------------+----------------------+-----
Short Blades   | 3 4 6 8 |  8.1
Dodging        | 1 2 3 |  3.1
Evocations     | 2 |  2.3
Fighting       | |  3.2
Armour         | |  2.4
Shields        | |  2.4

Action                   |  1- 3 |  4- 6 |  7- 9 || total
-------------------------+-------+-------+-------++-------
Melee: Rapier            |   100 |   116 |    71 ||   287
 Stab: Distracted        |       |       |     1 ||     1
  Eat: Chunk             |     7 |       |       ||     7
Armor: Scale mail        |    43 |    22 |     5 ||    70
Dodge: Dodged            |    56 |    39 |    16 ||   111
Block: Shield            |    48 |    46 |    16 ||   110

Table legend:
 A = Spawn XP
 B = Non-spawn XP
 C = Spawn XP percentage of total XP
 D = Spawn monster count
 E = Non-spawn monster count
 F = Spawn count percentage of total count
 G = Total turns spent on level
                    A         B        C        D         E        F      G
               +---------+---------+-------+---------+---------+-------+---------
         Total |       0 |     600 |   0.0 |       0 |      73 |   0.0 |  1830
               +---------+---------+-------+---------+---------+-------+---------
           D:1 |       0 |     184 |   0.0 |       0 |      24 |   0.0 |   834
           D:2 |       0 |     314 |   0.0 |       0 |      22 |   0.0 |   635
           D:3 |       0 |     102 |   0.0 |       0 |      27 |   0.0 |   361
               +---------+---------+-------+---------+---------+-------+---------
